 Dungeon Crawl Stone Soup version 0.30-a0-585-g93115170b9 (webtiles) character file.

Game seed: 11442313866488646211

1995 Sabo the Cleaver (level 9, -2/78 HPs)
             Began as a Minotaur Fighter on Jan 2, 2023.
             Was an Initiate of Hepliaklqana.
             Engulfed by a cloud of steam (9 damage)
             ... on level 6 of the Dungeon.
             The game lasted 00:26:08 (5280 turns).

Sabo the Cleaver (Minotaur Fighter)                 Turns: 5280, Time: 00:26:09

Health: -2/78      AC: 11    Str: 26    XL:     9   Next: 1%
Magic:  8/8        EV: 11    Int:  5    God:    Hepliaklqana [......]
Gold:   320        SH:  4    Dex:  9    Spells: 8/8 levels left

rFire   . . .      SeeInvis .    a - +0 war axe
rCold   . . .      Faith    .    c - +0 buckler
rNeg    + + .      Spirit   .    w - +4 ring mail "Maaruxop" {rN+}
rPois   .          Reflect  .    r - +0 hat
rElec   .          Harm     .    m - +0 cloak
rCorr   .          Rampage  .    (no gloves)
Will    .....                    (no boots)
Stlth   +                        (no amulet)
HPRegen 0.33/turn                L - ring of positive energy
MPRegen 0.11/turn                (no ring)

@: no status effects
A: horns 2, retaliatory headbutt
a: Renounce Religion


You were on level 6 of the Dungeon.
You worshipped Hepliaklqana.
Hepliaklqana was noncommittal.
You visited 1 branch of the dungeon, and saw 6 of its levels.

You collected 320 gold pieces.

Inventory:

Hand Weapons
 a - a +0 war axe (weapon)
 d - a +2 mace of draining
 l - a +2 short sword of protection
 D - a +0 flail of protection
Missiles
 b - 3 throwing nets
 p - 17 poisoned darts (quivered)
 J - 3 silver javelins
Armour
 c - a +0 buckler (worn)
 f - a scarf of invisibility
 m - a +0 cloak (worn)
 q - a +3 scale mail of fire resistance
 r - a +0 hat (worn)
 w - the +4 ring mail "Maaruxop" (worn) {rN+}
   (You found it on level 3 of the Dungeon)

   rN:        It protects you from negative energy.
Jewellery
 L - a ring of positive energy (left hand)
Wands
 x - a wand of iceblast (6)
 C - a wand of digging (7)
Scrolls
 e - 3 scrolls of teleportation
 g - 2 scrolls of magic mapping
 h - a scroll of blinking {unknown}
 j - 2 scrolls of fear
 n - a scroll of silence {unknown}
 s - a scroll of enchant armour {unknown}
 v - a scroll of amnesia {unknown}
 y - 6 scrolls of poison
 B - a scroll of enchant weapon {unknown}
 F - a scroll of fog {unknown}
 H - 2 scrolls of acquirement {unknown}
 I - a scroll of vulnerability {unknown}
 K - a scroll of brand weapon {unknown}
Potions
 k - a potion of curing {unknown}
 o - a potion of invisibility {unknown}
 t - 2 potions of attraction {unknown}
 u - 2 potions of degeneration {unknown}
 z - 2 potions of ambrosia {unknown}
 A - a potion of haste {unknown}
 E - a potion of brilliance {unknown}
 G - 2 potions of magic {unknown}


   Skills:
 + Level 6.4 Fighting
 + Level 9.9 Axes
 + Level 6.9 Armour
 + Level 4.3 Dodging
 + Level 1.2 Stealth
 + Level 5.2 Shields


You had 8 spell levels left.
You didn't know any spells.
Your spell library contained the following spells:

 Spells                   Type           Power      Damage    Failure   Level
 Cigotuvi's Dreadful Rot  Necr/Pois/Air  0%         N/A       83%         2
 Poisonous Vapours        Pois/Air       0%         N/A       83%         2
 Gell's Gravitas          Tloc           0%         N/A       96%         3
 Lesser Beckoning         Tloc           0%         N/A       96%         3
 Mephitic Cloud           Conj/Pois/Air  0%         N/A       96%         3
 Teleport Other           Tloc           0%         N/A       96%         3


Dungeon Overview and Level Annotations

Branches:
Dungeon (6/15)
 Temple: D:4-7

Altars:
Hepliaklqana
Yredelemnul
Zin

Shops:
D:3 *(   D:5 *   D:6 [


Innate Abilities, Weirdness & Mutations

You have a pair of horns on your head.
You reflexively headbutt those who attack you in melee.


Message History

The steam dragon breathes steam at you. The ball of steam hits you!
* * * LOW HITPOINT WARNING * * *
The steam dragon bites you but does no damage.
You block the steam dragon's attack.
You hit the steam dragon but do no damage.
You headbutt the steam dragon!
You kill the steam dragon!
You hit the steam dragon but do no damage.
A nearby fungus withers and dies. x2
The steam dragon bites you but does no damage.
The steam dragon closely misses you.
You have reached level 9!
Your experience leads to an increase in your attributes!
Increase (S)trength, (I)ntelligence, or (D)exterity?
You feel stronger. x2
You hit the steam dragon but do no damage.
You headbutt the steam dragon, but do no damage.
The steam dragon is heavily wounded.
The steam dragon closely misses you. You block the steam dragon's attack.
You barely miss the steam dragon.
The steam dragon is heavily wounded.
The steam dragon bites you but does no damage.
The steam dragon barely misses you.
You hit the steam dragon.
The steam dragon is severely wounded.
The steam dragon breathes steam at you. The ball of steam hits you!
* * * LOW HITPOINT WARNING * * *
You hit the steam dragon but do no damage.
The steam dragon is heavily wounded.
You are engulfed in a cloud of scalding steam.
* * * LOW HITPOINT WARNING * * *
The steam dragon closely misses you. You furiously retaliate!
You headbutt the steam dragon.
The steam dragon claws you but does no damage.
You slash the steam dragon!
You kill the steam dragon!
You are engulfed in a cloud of scalding steam.
You die...

#.####..#####~.P####...#
#.##### #.# #..#
##..#......# #...# #.#
#..# #..#...##.# ###.#
#.# #..# #..##..##.# #.#
#.# ##..######...#####.#
#.# #.###........#...#
#.#####÷# #....<#.#
#..~# #.......#
####....# #~..#
######..# #..### #≈@.#
#..### #####..# #~†^#
#..... ......∩# #.....#
##(### .###...# #~^....#
#######.### .# #.))#
#P.....~. #..........
.###.#)# #P.......#
#.####..#.# .....#.#
#.P....~## #.# #..#.#
.###.#.######.P..PP# #.#
#..#.# ## ##.......##
#.# #.....


There were no monsters in sight!

Vanquished Creatures
  Pikel (D:5)
  Prince Ribbit (D:5)
  2 steam dragons (D:6)
  A water moccasin (D:6)
  2 ogres
  The ghost of Shayle the Conjurer, an amateur TeRe (D:3)
  Blork the orc (D:6)
  2 lemures (D:5)
  A scorpion (D:4)
  A wyvern skeleton (D:3)
  A bullfrog zombie (D:3)
  2 hounds
  2 jellies
  A bullfrog skeleton (D:3)
  4 iguanas
  2 orc wizards (D:5)
  Terence (D:2)
  5 adders
  16 gnolls
  A white imp (D:6)
  An ufetubus (D:5)
  A worm (D:2)
  10 orcs
  13 ball pythons
  11 endoplasms
  3 giant cockroaches
  6 goblins
  14 hobgoblins
  4 jackals (D:1)
  5 quokkas
  9 bats
  4 frilled lizards
  9 kobolds
  6 rats
144 creatures vanquished.

Vanquished Creatures (others)
  5 fungi (D:6)
5 creatures vanquished.

Grand Total: 149 creatures vanquished

Notes
Turn   | Place    | Note
-------+----------+-------------------------------------------
     0 | D:1      | Sabo the Minotaur Fighter began the quest for the Orb.
     0 | D:1      | Reached XP level 1. HP: 19/19 MP: 0/0
    95 | D:1      | Reached XP level 2. HP: 27/27 MP: 1/1
   431 | D:1      | Reached XP level 3. HP: 30/33 MP: 2/2
   664 | D:1      | Reached skill level 3 in Axes
   876 | D:2      | Noticed Terence
   885 | D:2      | HP: 1/26 [Terence/+2 mace of draining (2)]
   890 | D:2      | Killed Terence
   891 | D:2      | Reached XP level 4. HP: 4/35 MP: 3/3
  1815 | D:2      | Reached skill level 4 in Axes
  2097 | D:3      | Found Balufeurch's Weapon Shoppe.
  2257 | D:3      | Found a transporter.
  2261 | D:3      | Noticed Shayle's ghost (amateur TeRe)
  2267 | D:3      | Found a transporter.
  2394 | D:3      | Found Zin's Purification Station.
  2427 | D:3      | Found a glowing silver altar of Zin.
  2442 | D:3      | Identified the +4 ring mail "Maaruxop" {rN+}
  2641 | D:3      | Reached XP level 5. HP: 40/47 MP: 4/4
  2776 | D:3      | Killed Shayle's ghost
  2777 | D:3      | Reached skill level 5 in Axes
  2777 | D:3      | Reached skill level 5 in Armour
  2777 | D:3      | Reached skill level 1 in Dodging
  2777 | D:3      | Reached XP level 6. HP: 46/53 MP: 5/5
  2890 | D:4      | Reached skill level 6 in Axes
  2987 | D:4      | Reached XP level 7. HP: 39/60 MP: 6/6
  3458 | D:5      | Entered Level 5 of the Dungeon
  3576 | D:5      | Reached skill level 5 in Fighting
  3654 | D:5      | Noticed Prince Ribbit
  3693 | D:5      | Killed Prince Ribbit
  3694 | D:5      | Reached skill level 7 in Axes
  3694 | D:5      | Reached skill level 5 in Shields
  3982 | D:5      | Noticed Pikel
  3998 | D:5      | Reached XP level 8. HP: 33/69 MP: 7/7
  4004 | D:5      | Killed Pikel
  4005 | D:5      | Reached skill level 8 in Axes
  4005 | D:5      | Reached skill level 1 in Stealth
  4355 | D:5      | Reached skill level 9 in Axes
  4392 | D:5      | Found Ryirphown's Retail Resort.
  4395 | D:5      | Identified the +7 short sword "Foamp" {heavy, Str+2 SInv}
  4532 | D:6      | Found Mexuager's Armour Boutique.
  4553 | D:6      | Noticed Blork the orc
  4564 | D:6      | Killed Blork the orc
  4653 | D:6      | Found a basalt altar of Yredelemnul.
  4763 | D:6      | Found a hazy altar of Hepliaklqana.
  4768 | D:6      | Became a worshipper of Hepliaklqana the Forgotten
  5276 | D:6      | Reached XP level 9. HP: 16/78 MP: 8/8
  5280 | D:6      | Engulfed by a cloud of steam

Illustrated notes

Levels and vault maps discovered:
D:1:      erik_arrival_orb_chamber, layout_rooms
D:2:      layout_loops_ring, kennysheep_generic_room_3, uniq_terence
D:3:      layout_loops_cross, zin_purify, gammafunk_ghost_mausoleum,
          serial_shops, shop
D:4:      layout_rooms
D:5:      layout_rooms, nicolae_alphabet_shops, uniq_prince_ribbit1, uniq_pikel
D:6:      kennysheep_steamy, layout_loops_ring, kennysheep_little_box,
          kennysheep_mini, serial_shops, shop, uniq_blork_the_orc

Skill      XL: |  1  2  3  4  5  6  7  8 |
---------------+-------------------------+-----
Armour         | 4 5 6 |  6.9
Shields        | 4 5 |  5.2
Fighting       | 4 5 6 |  6.4
Axes           | 3 4 5 6 7 9 |  9.9
Dodging        | 1 3 4 |  4.3
Stealth        | 1 |  1.2

Action                   |  1- 3 |  4- 6 |  7- 9 || total
-------------------------+-------+-------+-------++-------
Melee: War axe           |    76 |    99 |   165 ||   340
       Headbutt          |     5 |    18 |    41 ||    64
  Use: Potion            |     1 |       |     3 ||     4
       Scroll            |       |     1 |     4 ||     5
Armor: Scale mail        |    36 |    35 |       ||    71
       Ring mail         |       |    32 |    82 ||   114
Dodge: Dodged            |    34 |    59 |    81 ||   174
Block: Buckler           |    31 |    36 |    28 ||    95

Table legend: (Time is in decaauts)
 A = Elapsed time spent in this place.
 B = Non-inter-level travel time spent in this place.
 C = Inter-level travel time spent in this place.
 D = Time resting spent in this place.
 E = Time spent auto-exploring this place.
 F = Levels seen in this place.
 G = Mean time per level.
                   A        B        C        D        E       F      G
               +--------+--------+--------+--------+--------+-----+--------+
         Total |   5366 |   5366 |      0 |   1088 |      0 |   6 |  894.3 |
       Dungeon |   5366 |   5366 |      0 |   1088 |      0 |   6 |  894.3 |
               +--------+--------+--------+--------+--------+-----+--------+

Top non-repeatable levels by time:
     D:2: 1197 daAuts
     D:5: 1092 daAuts
     D:3: 907 daAuts
     D:1: 833 daAuts
     D:6: 750 daAuts
     D:4: 583 daAuts
